AoeStats
← Zumoshi

Arena

507668828Analyzed
1v1 RM · 14d ago on Sep 19, 2026· 36m 24s· 2 players
Game mode
Random Map
Map size
Tiny (2 player)
Population
200
Speed
Normal
Resources
Standard
Victory
Conquest
Starting age
Dark Age
Ending age
Imperial Age
RankedLock teamsTeams togetherTeam positionsShared explorationLock speedFull tech treeHidden civsTurbo modeCheats
Victory
Defeat
🇲🇽 Poles · Mexico
1199
+15
🇮🇱 Wu · Israel
1180
-15
Zumoshi
8:39 Loom
10:50 Feudal Age
14:54 Castle Age
13:43 Double-Bit Axe
14:48 Scale Mail Armor
16:08 Squires
17:11 Bow Saw
16:43 Horse Collar
20:59 Fletching
24:36 Pikeman
26:18 Bodkin Arrow
26:25 Scale Mail Armor
26:14 Arson
29:05 Forging
34:24 Imperial Age
32:39 Wheelbarrow
32:38 Horse Collar
34:08 Chain Mail Armor
34:29 Iron Casting
35:10 Halberdier
36:40 Plate Mail Armor
dani_guzmam13
11:01 Feudal Age
15:30 Castle Age
14:18 Horse Collar
14:37 Double-Bit Axe
17:41 Heavy Plow
21:07 Fletching
21:59 Bodkin Arrow
22:19 Loom
23:43 Wheelbarrow
24:57 Hand Cart
24:35 Gold Mining
28:19 Imperial Age
26:14 Bow Saw
26:38 Bloodlines
26:36 Scale Barding Armor
26:46 Szlachta Privileges
27:25 Forging
27:56 Husbandry
28:58 Chain Barding Armor
29:24 Conscription
28:32 Cavalier
30:12 Iron Casting
31:32 Crop Rotation
32:16 Blast Furnace
31:31 Stone Mining
33:06 Bracer
35:32 Chemistry
35:37 Padded Archer Armor
Connection lost

Rejoining the realm…

Still unreachable

The connection could not be restored.

Session expired

The server has moved on; the page needs a fresh start.